[Event "Team 45 45 League T44"]
[Site "Internet Chess Club"]
[Date "2010.03.28"]
[Round "8"]
[White "Zornorph"]
[Black "chiiwen"]
[Result "1/2-1/2"]
[WhiteElo "2075"]
[BlackElo "2158"]
[Opening "Dutch, 2.Bg5 variation"]
[ECO "A80"]
[Time "15:00:32"]
[TimeControl "2700+45"]

1. d4 f5 2. Bg5 d5 3. Nf3 Nf6 4. Ne5 Nbd7 5. Nxd7 Bxd7 6. e3 e6 7. Bd3 Bd6 8.
Nd2 h6 9. Bf4 O-O 10. O-O Be8 11. c3 c5 12. dxc5 Bxc5 13. h3 Bd6 14. Bxd6 Qxd6
15. Qb3 Bc6 16. Nf3 Nd7 17. Nd4 Rfd8 18. Qc2 g6 19. Rfd1 e5 20. Nxc6 Qxc6 21. c4
Rac8 22. Rac1 Qf6 23. Qd2 dxc4 24. Bxc4+ Kg7 25. Qb4 Nb6 26. Bb3 Rxd1+ 27. Rxd1
Rd8 28. Rxd8 Qxd8 29. Qc3 Qd6 30. a4 Qe7 31. a5 Nd7 32. Qc7 Kf6 33. Qxb7 Nc5 34.
Qc6+ Kg7 35. Bc4 Ne4 36. Qd5 Nf6 37. Qb5 Ne4 38. Qd5 Kf6 39. h4 g5 40. hxg5+
hxg5 41. b3 g4 42. g3 Ng5 43. Qc6+ Kg7 44. Bd5 Qd8 45. b4 e4 46. Qc3+ Kh7 47.
Bb3 Nf3+ 48. Kf1 Qd6 49. Ke2 Ng1+ 50. Kf1 Nf3 51. Ke2 Ng1+ 52. Kf1 Nf3 {Game
drawn by repetition} 1/2-1/2

[Event "Team 45 45 League T44"]
[Site "Internet Chess Club"]
[Date "2010.03.28"]
[Round "8"]
[White "deeppurple"]
[Black "jefferyx"]
[Result "0-1"]
[WhiteElo "2067"]
[BlackElo "2165"]
[Opening "QGD: Tarrasch, Prague variation, Normal position"]
[ECO "D34"]
[Time "15:02:58"]
[TimeControl "2700+45"]

1. c4 c5 2. Nc3 Nc6 3. g3 e6 4. Bg2 Nf6 5. Nf3 d5 6. cxd5 exd5 7. d4 Be7 8. O-O
O-O 9. dxc5 Bxc5 10. Bg5 Be6 11. Rc1 Be7 12. h3 Rc8 13. Kh2 a6 14. Nd4 Ng4+ 15.
hxg4 Bxg5 16. e3 Nxd4 17. Qxd4 Rc4 18. Qa7 d4 19. Rh1 dxc3 20. bxc3 Qd2 {White
resigns} 0-1

[Event "Team 45 45 League T44"]
[Site "Internet Chess Club"]
[Date "2010.03.26"]
[Round "8"]
[White "whale5970"]
[Black "martineden"]
[Result "0-1"]
[WhiteElo "1701"]
[BlackElo "1916"]
[Opening "English: symmetrical variation"]
[ECO "A30"]
[Time "11:03:56"]
[TimeControl "2700+45"]

1. c4 c5 2. b3 Nf6 3. e3 d5 4. cxd5 Nxd5 5. a3 Nc6 6. Bb2 e6 7. Nf3 f6 8. Be2
Bd6 9. O-O O-O 10. d4 cxd4 11. Nxd4 Nxd4 12. Bxd4 Qc7 13. h3 b6 14. Bc4 Bb7 15.
Nd2 Kh8 16. Qh5 g6 17. Qg4 e5 18. Bb2 a6 19. Rac1 Qe7 20. Qf3 Nf4 21. Ne4 Nxh3+
22. gxh3 f5 23. Qg3 fxe4 24. Be2 Rf5 25. Bg4 Rf6 26. Rfd1 Re8 27. b4 a5 28. Bd7
Rf3 29. Qg4 h5 30. Qxg6 Rg8 31. Rxd6 Qxd6 32. Qxg8+ Kxg8 33. Ba4 Qd2 34. Rc2 Qd6
35. Bb3+ Kh7 36. Kh2 Ba6 37. Bc1 Bf1 38. Rd2 Qe7 39. Ba4 Qg5 40. Rd7+ Kg8 41.
Bb3+ Kf8 {White resigns} 0-1

[Event "Team 45 45 League T44"]
[Site "Internet Chess Club"]
[Date "2010.03.24"]
[Round "8"]
[White "chess9793"]
[Black "Walker42"]
[Result "1/2-1/2"]
[WhiteElo "1970"]
[BlackElo "1788"]
[Opening "Sicilian defense"]
[ECO "B41"]
[Time "18:01:08"]
[TimeControl "2700+45"]

1. e4 c5 2. Nf3 e6 3. d4 cxd4 4. Nxd4 Qa5+ 5. Nc3 a6 6. Bd3 Nc6 7. Nb3 Qc7 8.
O-O Nf6 9. f4 d5 10. exd5 exd5 11. Be2 d4 12. Na4 b5 13. Nac5 Nb4 14. Bf3 Bxc5
15. Nxc5 O-O 16. a3 Nc6 17. Nb3 Rd8 18. Bd2 Bf5 19. g4 Be4 20. g5 Bxf3 21. Qxf3
Nd5 22. Qf2 Nde7 23. f5 g6 24. f6 Nf5 25. Qg2 Rac8 26. Qh3 Qd6 27. Rf2 d3 28. c3
h5 29. gxh6 Qxf6 30. Raf1 Nce7 31. Qg2 Qc6 32. Qh3 Qb6 33. Kh1 Rc4 34. Bg5 Qe6
35. Bxe7 Qxe7 36. Qg2 Qe4 37. Qxe4 Rxe4 38. Nc5 Re2 39. Nxd3 Rxf2 40. Nxf2 Rd2
41. Ng4 Rxb2 42. Nf6+ Kf8 43. h7 Kg7 44. Rd1 Nh4 45. Kg1 Nf3+ 46. Kf1 Nxh2+ 47.
Ke1 Nf3+ 48. Kf1 Rh2 49. Rd8 Ng5 50. Rg8+ Kxf6 51. h8=Q+ Rxh8 52. Rxh8 Ne4 53.
Rc8 Kf5 54. Ke2 g5 55. Ke3 g4 56. c4 Nd6 57. Rc5+ Ke6 58. cxb5 axb5 59. Kf4 f5
60. Re5+ Kf6 61. Rd5 Ke6 62. Re5+ Kf6 {Game drawn by mutual agreement} 1/2-1/2

[Event "Team 45 45 League T44"]
[Site "Internet Chess Club"]
[Date "2010.03.28"]
[Round "8"]
[White "wbanks"]
[Black "rubo"]
[Result "1-0"]
[WhiteElo "1640"]
[BlackElo "1801"]
[Opening "Caro-Kann: classical variation"]
[ECO "B18"]
[Time "19:30:20"]
[TimeControl "2700+45"]

1. e4 c6 2. d4 d5 3. Nc3 dxe4 4. Nxe4 Bf5 5. Ng3 Bg6 6. Nf3 Nd7 7. Bd3 Qc7 8.
O-O Ngf6 9. c4 e6 10. Re1 Bb4 11. Re2 Bxd3 12. Qxd3 O-O 13. a3 Be7 14. Bd2 Rfe8
15. Rae1 Rad8 16. Qc2 Bf8 17. Ne4 Nxe4 18. Rxe4 Nf6 19. R4e2 h6 20. Qa4 b6 21.
Bb4 Bxb4 22. Qxb4 Rc8 23. h3 Red8 24. Rd2 c5 25. dxc5 Rxd2 26. cxb6 Qxb6 27.
Qxb6 axb6 28. Nxd2 b5 29. cxb5 Rc2 30. Ne4 Rxb2 31. Nxf6+ gxf6 32. a4 Rb4 33.
Ra1 Kf8 34. f3 f5 35. Ra2 Ke7 36. Kf2 f4 37. Ke2 Kd6 38. Kd3 f5 39. a5 Rxb5 40.
a6 Rb8 41. a7 Ra8 42. Kc4 e5 43. Ra6+ Kc7 44. Rxh6 Rxa7 45. Rh7+ Kb6 46. Rxa7
Kxa7 47. Kd5 {Black resigns} 1-0

[Event "Team 45 45 League T44"]
[Site "Internet Chess Club"]
[Date "2010.03.27"]
[Round "8"]
[White "Portola"]
[Black "dinkola"]
[Result "0-1"]
[WhiteElo "1719"]
[BlackElo "1742"]
[Opening "Alekhine's defense"]
[ECO "B07"]
[Time "09:01:38"]
[TimeControl "2700+45"]

1. e4 Nf6 2. Nc3 d6 3. d4 Nbd7 4. Nf3 c5 5. Bd3 cxd4 6. Nxd4 e6 7. Nb3 a6 8. Be3
b5 9. O-O Bb7 10. Qe2 Be7 11. f3 O-O 12. Rad1 Qc7 13. Qf2 Rac8 14. a3 Nc5 15.
Rc1 Rfd8 16. Rfd1 d5 17. exd5 Nxd5 18. Nxd5 Rxd5 19. Nxc5 Rxc5 20. g4 Qe5 21. b4
Rd5 22. Re1 Qb2 23. Be4 Rd7 24. Bxb7 Rxb7 25. Bd4 Qxa3 26. c3 Qb3 27. Ra1 Rc6
28. h4 Rd7 29. g5 Rd5 30. f4 Rf5 31. Qf3 Qd5 32. Qe3 f6 33. Rad1 Qc4 34. gxf6
Bxf6 35. Bxf6 Rxf6 36. Rd8+ Rf8 37. Rxf8+ Kxf8 38. Rd1 Qxc3 39. Rd8+ Kf7 40.
Qa7+ Kf6 41. Rf8+ Kg6 42. Qf2 Qc1+ 43. Qf1 Qe3+ 44. Qf2 Rc1+ 45. Kg2 Qe4+ 46.
Kh3 Rc3+ 47. Kg4 h5# {White checkmated} 0-1

[Event "Team 45 45 League T44"]
[Site "Internet Chess Club"]
[Date "2010.03.28"]
[Round "8"]
[White "slipkid"]
[Black "g8wrb"]
[Result "1-0"]
[WhiteElo "1575"]
[BlackElo "1569"]
[Opening "Scandinavian: Pytel-Wade variation"]
[ECO "B01"]
[Time "15:00:10"]
[TimeControl "2700+45"]

1. e4 d5 2. exd5 Qxd5 3. Nc3 Qd6 4. Nf3 Nf6 5. d4 a6 6. Bc4 b5 7. Bb3 Bb7 8. O-O
e6 9. a4 b4 10. Nb1 Nbd7 11. c3 Be7 12. Nbd2 O-O 13. Nc4 Qc6 14. Na5 Qb6 15.
Nxb7 Qxb7 16. Bg5 c5 17. d5 Nxd5 18. Bxd5 exd5 19. Bxe7 Rfe8 20. Bh4 Re4 21. Re1
Rae8 22. Rxe4 dxe4 23. Nd2 Nb6 24. cxb4 e3 25. fxe3 Rxe3 26. Nc4 Re8 27. Nd6 Qe7
28. Nxe8 Qxe8 29. Qd8 Qxd8 30. Bxd8 Nd7 31. Rd1 {Black resigns} 1-0

[Event "Team 45 45 League T44"]
[Site "Internet Chess Club"]
[Date "2010.03.28"]
[Round "8"]
[White "AtomicDog"]
[Black "houseofcook"]
[Result "1/2-1/2"]
[WhiteElo "1380"]
[BlackElo "1450"]
[Opening "French: Tarrasch, closed variation, main line"]
[ECO "C06"]
[Time "11:00:05"]
[TimeControl "2700+45"]

1. e4 e6 2. d4 d5 3. Nd2 Nf6 4. e5 Nfd7 5. Bd3 c5 6. c3 Nc6 7. Ne2 cxd4 8. cxd4
f6 9. exf6 Nxf6 10. O-O Bd6 11. Nf3 O-O 12. Bf4 Bxf4 13. Nxf4 Ne4 14. g3 Ng5 15.
Nxg5 Qxg5 16. h4 Qf6 17. Qh5 h6 18. Qg6 Qxg6 19. Nxg6 Rf7 20. Ne5 Rf8 21. Nxc6
bxc6 22. Rfe1 Bd7 23. Re5 {Game drawn by mutual agreement} 1/2-1/2

[Event "Team 45 45 League T44"]
[Site "Internet Chess Club"]
[Date "2010.03.27"]
[Round "8"]
[White "Quaq"]
[Black "fishhead"]
[Result "0-1"]
[WhiteElo "1618"]
[BlackElo "1940"]
[Opening "English, 1...Nf6 (Anglo-Indian defense)"]
[ECO "A15"]
[Time "15:00:14"]
[TimeControl "2700+45"]

1. c4 Nf6 2. g3 g6 3. Bg2 Bg7 4. Nc3 d6 5. d4 Nbd7 6. e4 c6 7. Nge2 Qc7 8. O-O
O-O 9. Bd2 e5 10. d5 a5 11. Rc1 Nc5 12. Be3 cxd5 13. cxd5 Ng4 14. Bxc5 dxc5 15.
h3 Nf6 16. Nb5 Qb6 17. a4 Bd7 18. Nec3 Ne8 19. Kh2 Nd6 20. Nxd6 Qxd6 21. Qe2 b6
22. Rfd1 f5 23. f3 h5 24. b3 Bh6 25. Rc2 Qf6 26. f4 h4 27. Kg1 hxg3 28. exf5
Bxf4 29. Ne4 Qxf5 30. Rf1 Qh5 31. Qxh5 gxh5 32. h4 Bg4 33. Rc3 Rad8 34. Nxg3
Bxg3 35. Rxg3 Rxf1+ 36. Kxf1 Kf7 37. Kf2 Ke7 38. Rd3 Re8 39. Ke3 Kd6 40. Rd2 Rf8
41. Be4 Rf1 42. Rf2 Rxf2 43. Kxf2 Bd1 44. Bg6 Kxd5 45. Ke3 Ke6 46. Bh7 Kf7 47.
Bd3 Bxb3 48. Bb5 Ke6 49. Be8 Bd1 50. Kd2 Bg4 51. Bb5 Kd5 52. Kc3 e4 53. Ba6 Ke5
54. Bc4 Kf4 55. Kd2 e3+ 56. Ke1 Kg3 57. Kf1 Kxh4 58. Kg2 Kg5 59. Kg3 h4+ 60. Kg2
Kf4 61. Kg1 Kg3 {White resigns} 0-1

[Event "Team 45 45 League T44"]
[Site "Internet Chess Club"]
[Date "2010.03.27"]
[Round "8"]
[White "isolani"]
[Black "LazyPeon"]
[Result "0-1"]
[WhiteElo "1496"]
[BlackElo "1626"]
[Opening "Benkö gambit half accepted"]
[ECO "A57"]
[Time "08:04:08"]
[TimeControl "2700+45"]

1. d4 Nf6 2. c4 c5 3. d5 b5 4. cxb5 a6 5. b6 g6 6. Nc3 Bg7 7. e4 d6 8. Be2 Qxb6
9. Nf3 Nbd7 10. O-O O-O 11. Nd2 a5 12. Nc4 Qb8 13. Qc2 Ba6 14. b3 Bxc4 15. bxc4
Qb7 16. Rb1 Nb6 17. Na4 Nfd7 18. Be3 Rfb8 19. Rb5 Qc7 20. Nxb6 Rxb6 21. Rfb1
Rab8 22. Qa4 Rxb5 23. Rxb5 Rxb5 24. cxb5 Bc3 25. Qb3 Bd4 26. a4 Bxe3 27. Qxe3
Nb6 28. Bd1 c4 29. Qc3 Qc5 30. Kf1 Nd7 31. Qxa5 c3 32. Qd8+ Nf8 33. Bc2 Qa3 34.
Ke2 Qc1 35. Kd3 Qd2+ 36. Kc4 Qxc2 37. Qa5 Nd7 38. Qxc3 Qxa4+ {White resigns} 0-1

[Event "Team 45 45 League T44"]
[Site "Internet Chess Club"]
[Date "2010.03.27"]
[Round "8"]
[White "arconia"]
[Black "Gilguli"]
[Result "1-0"]
[WhiteElo "1407"]
[BlackElo "1496"]
[Opening "Latvian: Fraser defense"]
[ECO "C40"]
[Time "15:00:15"]
[TimeControl "2700+45"]

1. e4 e5 2. Nf3 f5 3. Nxe5 Nc6 4. Nxc6 dxc6 5. e5 Bc5 6. Bc4 Qe7 7. d4 Bb6 8. c3
Be6 9. Bb3 O-O-O 10. a4 Bxb3 11. Qxb3 Ba5 12. O-O g5 13. Na3 a6 14. Nc4 Bb6 15.
Nxb6+ cxb6 16. Qxb6 f4 17. b4 Qe6 18. b5 Ne7 19. bxa6 Nd5 20. Qxb7# {Black
checkmated} 1-0

[Event "Team 45 45 League T44"]
[Site "Internet Chess Club"]
[Date "2010.03.29"]
[Round "8"]
[White "andrew28"]
[Black "siddhu"]
[Result "0-1"]
[WhiteElo "1669"]
[BlackElo "1859"]
[Opening "Ruy Lopez: closed (10...c5)"]
[ECO "C96"]
[Time "14:08:56"]
[TimeControl "2700+45"]

1. e4 e5 2. Nf3 Nc6 3. Bb5 a6 4. Ba4 Nf6 5. O-O Be7 6. Re1 b5 7. Bb3 O-O 8. c3
d6 9. h3 Na5 10. Bc2 c5 11. d4 Bb7 12. dxe5 dxe5 13. Qxd8 Raxd8 14. Nxe5 Bxe4
15. Na3 Bxc2 16. Nxc2 Bd6 17. Bg5 Bxe5 18. Rxe5 Nc4 19. Rxc5 Nxb2 20. Rc6 Rc8
21. Rxa6 Rxc3 22. Nd4 Ne4 23. Be7 Rb8 24. Nxb5 Rc2 25. Nd4 Rd2 26. Nc6 Re8 27.
Bb4 Re2 28. Re1 Rxe1+ 29. Bxe1 Nd3 30. Ba5 Nexf2 31. Bb6 Re1+ 32. Kh2 h6 33. a4
Ne4 34. a5 Rc1 35. Bd4 Rc2 36. Ne7+ Kh7 37. Nf5 Ne1 38. Kg1 Nxg2 39. Bxg7 f6 40.
Bxf6 Nf4 41. Ra7+ Kg6 42. Rg7+ Kxf6 43. Ne3 Rc1+ 44. Nf1 Kxg7 45. a6 Ra1 46. a7
Rxa7 47. Kh2 Ra2+ {White resigns} 0-1

[Event "Team 45 45 League T44"]
[Site "Internet Chess Club"]
[Date "2010.03.28"]
[Round "8"]
[White "Theodulf"]
[Black "KnightofMercy"]
[Result "0-1"]
[WhiteElo "1618"]
[BlackElo "1716"]
[Opening "Scandinavian defense"]
[ECO "B01"]
[Time "10:04:26"]
[TimeControl "2700+45"]

1. e4 d5 2. exd5 Nf6 3. Bb5+ c6 4. dxc6 Nxc6 5. Nc3 Bd7 6. Nf3 g6 7. d4 Bg7 8.
O-O O-O 9. h3 a6 10. Be2 Qc7 11. Be3 Rfd8 12. Qc1 Bf5 13. a3 e5 14. dxe5 Nxe5
15. Bf4 Nxf3+ 16. Bxf3 Qb6 17. Be3 Qc7 18. Rd1 Rxd1+ 19. Qxd1 Re8 20. Rc1 Ne4
21. Bxe4 Bxe4 22. Nxe4 Rxe4 23. c3 b5 24. Qf3 f5 25. Qd1 Qe7 26. Qd5+ Qf7 27.
Qa8+ Qe8 28. Qxe8+ Rxe8 29. Kf1 Kf7 30. Rd1 Be5 31. f4 Bxc3 32. Bc1 Bf6 33. Rd7+
Ke6 34. Rd3 Rc8 35. Bd2 Bxb2 36. Bb4 Rc6 37. Re3+ Kd5 38. Re2 Rc1+ 39. Kf2 Bd4+
40. Kf3 Rf1+ 41. Kg3 h5 42. Be7 Rb1 43. Kh4 Rb2 44. Rxb2 Bxb2 45. Kg5 Ke6 46.
Bb4 Kf7 47. g4 Bf6+ 48. Kh6 fxg4 49. hxg4 h4 50. Bd6 h3 51. f5 gxf5 52. g5 Be7
53. g6+ Kg8 54. Be5 Bxa3 55. Kg5 b4 56. Bd6 Bc1+ 57. Kxf5 b3 {White resigns} 0-1

[Event "Team 45 45 League T44"]
[Site "Internet Chess Club"]
[Date "2010.03.26"]
[Round "8"]
[White "Juan73"]
[Black "allanchs"]
[Result "1/2-1/2"]
[WhiteElo "1625"]
[BlackElo "1541"]
[Opening "Giuoco Pianissimo: Canal variation"]
[ECO "C47"]
[Time "18:06:21"]
[TimeControl "2700+45"]

1. e4 e5 2. Nf3 Nc6 3. Nc3 Nf6 4. Bc4 Bc5 5. d3 d6 6. Bg5 Be6 7. Bb5 h6 8. Bh4
a6 9. Ba4 b5 10. Bb3 Nd4 11. Nxd4 Bxd4 12. O-O c6 13. Rb1 a5 14. Bxe6 fxe6 15.
Ne2 Bb6 16. Kh1 O-O 17. f4 exf4 18. Nxf4 Qe8 19. Bxf6 Rxf6 20. Qg4 Ra7 21. Rf3
e5 22. Ne2 Raf7 23. Rbf1 Rxf3 24. Rxf3 Rxf3 25. gxf3 Qf8 26. f4 exf4 27. Qxf4
Qe7 28. Ng3 Bc7 29. Qg4 d5 30. Kg2 Bxg3 31. hxg3 dxe4 32. Qxe4 Qxe4+ 33. dxe4
Kf7 34. Kf3 Ke6 35. Kf4 c5 36. a3 b4 37. a4 g6 38. c4 bxc3 39. bxc3 g5+ 40. Kg4
Ke5 41. Kh5 Kxe4 42. Kxh6 Kd3 43. Kxg5 Kxc3 44. Kf5 Kb4 45. g4 c4 46. g5 c3 47.
g6 c2 48. g7 c1=Q 49. g8=Q Qf1+ 50. Ke4 Qc4+ 51. Qxc4+ Kxc4 52. Ke3 Kb4 53. Kd2
Kxa4 {Game drawn by mutual agreement} 1/2-1/2

[Event "Team 45 45 League T44"]
[Site "Internet Chess Club"]
[Date "2010.03.29"]
[Round "8"]
[White "kingphisch"]
[Black "arriero55"]
[Result "1-0"]
[WhiteElo "1501"]
[BlackElo "1465"]
[Opening "Sicilian: closed"]
[ECO "B23"]
[Time "15:01:23"]
[TimeControl "2700+45"]

1. e4 c5 2. Nc3 a6 3. f4 e6 4. Nf3 Nc6 5. Be2 Nf6 6. O-O d5 7. exd5 Nxd5 8. d3
Be7 9. Ne4 Nf6 10. Qe1 Nd4 11. Nxd4 Qxd4+ 12. Kh1 O-O 13. Bf3 Nxe4 14. Bxe4 Rb8
15. Qg3 f5 16. Bf3 b6 17. Rb1 Bb7 18. Bd2 Bf6 19. Qe1 Qd7 20. Qe2 Rbe8 21. Bxb7
Qxb7 22. Rf3 g6 23. Qf2 Bd4 24. Qg3 Qd7 25. c3 Bf6 26. Re1 Re7 27. h4 Kh8 28. d4
Rfe8 29. Rd3 Qc6 30. Kh2 Rd8 31. Ree3 Rg7 32. dxc5 Rxd3 33. Rxd3 Qxc5 34. Be3
Qc6 35. Qf2 Rb7 36. Bd4 Kg7 37. Bxf6+ Kxf6 38. Qd4+ Kf7 39. Qh8 h5 40. Qh7+ Kf6
41. Qh8+ Kf7 42. Rd8 {Black forfeits on time} 1-0

[Event "Team 45 45 League T44"]
[Site "Internet Chess Club"]
[Date "2010.03.29"]
[Round "8"]
[White "Rookmaster"]
[Black "pawnward"]
[Result "1/2-1/2"]
[WhiteElo "1759"]
[BlackElo "1628"]
[Opening "Scandinavian defense"]
[ECO "B01"]
[Time "18:30:28"]
[TimeControl "2700+45"]

1. e4 d5 2. exd5 Nf6 3. Bb5+ Bd7 4. Bc4 b5 5. Bb3 Bg4 6. Nf3 Nxd5 7. h3 Bh5 8.
d4 e6 9. O-O c5 10. dxc5 Bxc5 11. Re1 O-O 12. c4 bxc4 13. Bxc4 Nc6 14. Nbd2 Nf4
15. Ne4 Nxh3+ 16. gxh3 Qxd1 17. Rxd1 Bxf3 18. Re1 Ne5 19. Nxc5 Nxc4 20. b3 Nb6
21. a4 Nd5 22. Ba3 Rfe8 23. Kh2 e5 24. Kg3 e4 {Game drawn by mutual agreement}
1/2-1/2

[Event "Team 45 45 League T44"]
[Site "Internet Chess Club"]
[Date "2010.03.30"]
[Round "8"]
[White "maestrogaffney"]
[Black "Timotheous"]
[Result "1-0"]
[WhiteElo "1698"]
[BlackElo "1675"]
[Opening "Benkö gambit: fianchetto variation"]
[ECO "A58"]
[Time "15:00:32"]
[TimeControl "2700+45"]

1. d4 Nf6 2. c4 c5 3. d5 b5 4. cxb5 a6 5. bxa6 Bxa6 6. Nc3 d6 7. Nf3 g6 8. g3
Bg7 9. Bg2 O-O 10. O-O Nbd7 11. Qc2 Qa5 12. Bf4 Rfb8 13. Rab1 Ng4 14. Bh3 Nge5
15. Nd2 Qd8 16. Rbc1 Nb6 17. Bg2 Nbc4 18. Nxc4 Nxc4 19. b3 Na3 20. Qe4 Nb5 21.
Nxb5 Rxb5 22. Qc2 Rab8 23. Rfe1 Qa5 24. Bd2 Qa3 25. Bc3 Bxc3 26. Qxc3 Bc8 27.
Rc2 Bd7 28. e4 Rb4 29. e5 Bf5 30. Rd2 c4 31. exd6 exd6 32. Rde2 Rf8 33. Re3 cxb3
34. axb3 Rbb8 35. Bf1 Qb4 36. Qf6 Qc5 37. Bc4 Qb4 38. Kg2 Qc5 39. h4 Qb4 40. h5
h6 41. g4 Bc2 42. g5 Kh7 43. hxg6+ Bxg6 44. Rh1 h5 45. Rxh5+ Bxh5 46. Rh3 Kg8
47. Rxh5 {Black resigns} 1-0

[Event "Team 45 45 League T44"]
[Site "Internet Chess Club"]
[Date "2010.03.25"]
[Round "8"]
[White "John3v16"]
[Black "Manders"]
[Result "1-0"]
[WhiteElo "1679"]
[BlackElo "1619"]
[Opening "King's Indian: Larsen variation"]
[ECO "E90"]
[Time "14:00:22"]
[TimeControl "2700+45"]

1. d4 Nf6 2. c4 g6 3. Nc3 Bg7 4. e4 d6 5. Nf3 O-O 6. Be3 e5 7. dxe5 dxe5 8. Qxd8
Rxd8 9. Bg5 Nc6 10. Nd5 Nxd5 11. cxd5 Nb4 12. Bxd8 Nc2+ 13. Kd1 Nxa1 14. Kc1 Bg4
15. Bg5 f5 16. h3 fxe4 17. hxg4 exf3 18. gxf3 Rf8 19. Bc4 Kh8 20. Rh3 e4 21. f4
b5 22. Be2 h6 23. Bxh6 Bxh6 24. Rxh6+ Kg7 25. Rh1 Rxf4 26. Rf1 b4 27. Kb1 Kf6
28. Kxa1 Ke5 29. f3 Kxd5 30. fxe4+ Kxe4 31. Rxf4+ Kxf4 32. Kb1 Ke3 33. Bb5 Kd2
34. g5 Ke3 35. Be8 Kf4 36. Bxg6 Kxg5 37. Be8 Kf4 38. Kc2 Ke3 39. Kb3 a5 40. Ka4
Kd2 41. Kxa5 Kc2 42. Kxb4 Kxb2 43. a4 {Black resigns} 1-0

[Event "Team 45 45 League T44"]
[Site "Internet Chess Club"]
[Date "2010.03.28"]
[Round "8"]
[White "daniguti"]
[Black "Fisherman77"]
[Result "1-0"]
[WhiteElo "1552"]
[BlackElo "1384"]
[Opening "Scandinavian (center counter) defense"]
[ECO "B01"]
[Time "16:00:08"]
[TimeControl "2700+45"]

1. e4 d5 2. exd5 Qxd5 3. Nc3 Qa5 4. d4 Nc6 5. Nf3 Bg4 6. h3 Qh5 7. hxg4 Qxh1 8.
Ne2 g5 9. Bxg5 f6 10. Be3 Qxf1+ 11. Kxf1 O-O-O 12. c3 e5 13. Qb3 e4 14. Nd2 Re8
15. Qf7 Kd8 16. Bf4 Nge7 17. Nxe4 Bg7 18. Qxg7 Rhg8 19. Qf7 Rgf8 20. Qe6 Ng6 21.
Qd5+ Kc8 22. Nc5 Nge7 23. Qd7+ Kb8 24. Qxc7+ Ka8 25. Qxb7# {Black checkmated}
1-0

[Event "Team 45 45 League T44"]
[Site "Internet Chess Club"]
[Date "2010.03.27"]
[Round "8"]
[White "dabodhi"]
[Black "The-Capitalist"]
[Result "0-1"]
[WhiteElo "1209"]
[BlackElo "1375"]
[Opening "Caro-Kann: closed (Breyer) variation"]
[ECO "B10"]
[Time "21:00:12"]
[TimeControl "2700+45"]

1. e4 c6 2. d3 d5 3. Nd2 e5 4. Ngf3 Bd6 5. d4 exd4 6. exd5 cxd5 7. Nxd4 Nc6 8.
Bb5 Qe7+ 9. Qe2 Qxe2+ 10. Kxe2 Ne7 11. Re1 a6 12. Bxc6+ bxc6 13. Kf1 c5 14. Nc6
Bf5 15. c4 dxc4 16. Kg1 Be6 17. Ne4 Nxc6 18. Nxd6+ Kf8 19. Be3 Nb4 20. Bxc5 Nd3
21. Nb7+ Kg8 22. Re3 Rb8 23. Rxd3 cxd3 24. Nd6 Rxb2 25. Ne8 d2 26. Bd4 Rc2 27.
Bxg7 Rc1+ 28. Rxc1 dxc1=Q# {White checkmated} 0-1

[Event "Team 45 45 League T44"]
[Site "Internet Chess Club"]
[Date "2010.03.27"]
[Round "8"]
[White "MateIn42"]
[Black "Tamarin"]
[Result "1/2-1/2"]
[WhiteElo "1384"]
[BlackElo "1636"]
[Opening "Evans gambit"]
[ECO "C52"]
[Time "20:30:18"]
[TimeControl "2700+45"]

1. e4 e5 2. Nf3 Nc6 3. Bc4 Bc5 4. b4 Bxb4 5. c3 Ba5 6. O-O Nf6 7. d4 d6 8. d5
Ne7 9. Qa4+ c6 10. dxc6 bxc6 11. Rd1 Qc7 12. Ba3 Nxe4 13. Bxf7+ Kxf7 14. Qxe4
Bf5 15. Bxd6 Bxe4 16. Ng5+ Kg6 17. Bxc7 Bxc7 18. Nxe4 Rad8 19. Na3 Rxd1+ 20.
Rxd1 Rd8 21. Rxd8 Bxd8 22. Nc4 Bc7 23. g4 h6 24. Kg2 Kf7 25. Ned6+ Bxd6 26.
Nxd6+ Ke6 27. Ne4 Kd5 28. Kf3 Kc4 29. Ke2 Nd5 30. Kd2 Kb5 31. Nd6+ Ka4 32. Nf5
Ka3 33. Nxg7 Kxa2 34. Kc2 e4 35. Nf5 Ka3 36. h3 Ka4 37. Nxh6 e3 38. fxe3 Nxe3+
39. Kd3 Ng2 40. Kc4 Ka3 41. Nf5 Kb2 42. g5 Nf4 43. h4 a5 44. Nd4 c5 45. Nb3 a4
46. Nxc5 a3 47. Nb3 a2 48. Kb4 Nd5+ 49. Kc4 Nb6+ 50. Kb4 Nd5+ 51. Kc4 Nb6+ 52.
Kb4 Nd5+ 53. Kc4 Nb6+ 54. Kb4 Nd5+ 55. Kc4 Nb6+ 56. Kb4 Nd5+ 57. Kc4 Nb6+ 58.
Kb4 Nd5+ 59. Kc4 Nb6+ {Game drawn by repetition} 1/2-1/2

[Event "Team 45 45 League T44"]
[Site "Internet Chess Club"]
[Date "2010.03.29"]
[Round "8"]
[White "rgadoury"]
[Black "bowwrestler"]
[Result "0-1"]
[WhiteElo "1236"]
[BlackElo "1055"]
[Opening "Scandinavian: Pytel-Wade variation"]
[ECO "B01"]
[Time "17:02:55"]
[TimeControl "2700+45"]

1. e4 d5 2. exd5 Qxd5 3. Nc3 Qd6 4. Nf3 Nf6 5. d4 a6 6. g3 Bg4 7. Bg2 Nc6 8. Be3
e6 9. O-O O-O-O 10. Ne2 Ne4 11. c3 h5 12. h3 Bf5 13. h4 Be7 14. Nd2 Nxd2 15.
Qxd2 f6 16. Qe1 g5 17. hxg5 fxg5 18. Rd1 h4 19. gxh4 gxh4 20. Bf4 Qd7 21. Bh2 h3
22. Bf3 Rhg8+ 23. Kh1 Bd6 24. Nf4 Bxf4 25. Bxf4 Bg4 26. Bxg4 Qd5+ 27. f3 Rxg4
28. Kh2 Rxf4 29. Qg3 Rdf8 30. Rd3 Qb5 31. Qxh3 Qxd3 32. Qxe6+ Kb8 {White
resigns} 0-1

[Event "Team 45 45 League T44"]
[Site "Internet Chess Club"]
[Date "2010.03.26"]
[Round "8"]
[White "KidRattler"]
[Black "aapt"]
[Result "0-1"]
[WhiteElo "961"]
[BlackElo "1374"]
[Opening "Sicilian: Kan, 5.Nc3"]
[ECO "B43"]
[Time "15:00:53"]
[TimeControl "2700+45"]

1. e4 c5 2. Nf3 e6 3. d4 cxd4 4. Nxd4 a6 5. Nc3 Bb4 6. Be3 d6 7. Qd2 Nf6 8. f3
O-O 9. O-O-O Nc6 10. Bd3 e5 11. Nde2 Bxc3 12. Nxc3 Be6 13. a3 d5 14. Rhe1 d4 15.
Bxd4 Nxd4 16. Qg5 Qa5 17. f4 Ng4 18. h3 f6 19. Qh5 g6 20. Qh4 exf4 21. hxg4 Rac8
22. Rh1 Rf7 23. Rhf1 Rfc7 24. Qxf6 Rxc3 25. bxc3 Qxa3+ 26. Kd2 Qxc3+ 27. Kc1
Ne2+ 28. Kb1 Qb4+ 29. Ka1 Qa4+ 30. Kb2 Qa2# {White checkmated} 0-1

[Event "Team 45 45 League T44"]
[Site "Internet Chess Club"]
[Date "2010.03.26"]
[Round "8"]
[White "zeigmata"]
[Black "AugustoCaruso"]
[Result "0-1"]
[WhiteElo "2394"]
[BlackElo "2251"]
[Opening "Bogo-Indian defense"]
[ECO "E11"]
[Time "17:00:17"]
[TimeControl "2700+45"]

1. d4 e6 2. c4 Nf6 3. Nf3 Bb4+ 4. Bd2 a5 5. Nc3 O-O 6. g3 d5 7. cxd5 exd5 8. Bg2
Re8 9. O-O Ne4 10. Rc1 c6 11. Be3 Nxc3 12. bxc3 Bd6 13. c4 dxc4 14. Rxc4 Na6 15.
Bg5 f6 16. Bf4 Be6 17. Rc2 Nb4 18. Rb2 Bxf4 19. gxf4 Bxa2 20. Rxa2 Nxa2 21. Qb3+
Qd5 22. Qxb7 Qb5 23. Qd7 Nb4 24. e3 a4 25. Nh4 Rad8 26. Qa7 Rb8 27. Ra1 Qh5 28.
Nf3 Ra8 29. Qd7 Qd5 30. Qb7 Qd6 31. Nh4 g6 {White resigns} 0-1

[Event "Team 45 45 League T44"]
[Site "Internet Chess Club"]
[Date "2010.03.28"]
[Round "8"]
[White "NFork"]
[Black "Gil-galad"]
[Result "1-0"]
[WhiteElo "2378"]
[BlackElo "2120"]
[Opening "Scandinavian: Pytel-Wade variation"]
[ECO "B01"]
[Time "05:01:38"]
[TimeControl "2700+45"]

1. e4 d5 2. exd5 Qxd5 3. Nc3 Qd6 4. d4 Nf6 5. Nf3 c6 6. Ne5 Nbd7 7. f4 Nb6 8. g4
Nbd5 9. Bg2 g6 10. Bd2 Be6 11. Qe2 Bg7 12. g5 Nxc3 13. Bxc3 Nd5 14. Bd2 Nb4 15.
Be4 Bd5 16. O-O O-O 17. c3 Bxe4 18. Qxe4 Nd5 19. c4 Nc7 20. Bc3 f6 21. Nf3 Rad8
22. Rad1 Rfe8 23. Rfe1 Qd7 24. Kh1 Qg4 25. Ba5 b6 26. Bb4 e5 27. gxf6 exd4 28.
Ne5 Rxe5 29. fxe5 Qxe4+ 30. Rxe4 Bh6 31. Rdxd4 Rxd4 32. Rxd4 c5 33. Rd8+ {Black
resigns} 1-0